 Dungeon Crawl Stone Soup version 0.32-a0-673-g3729bd50f8 (webtiles) character file.

Game seed: 3978286944045891398

3117 jasper the Grappler (level 9, -3/73 (81) HPs)
             Began as a White Draconian Fighter on Mar 10, 2024.
             Was a Follower of Wu Jian.
             Slain by a wight
             ... wielding a +4 great sword
              (10 damage)
             ... on level 7 of the Dungeon.
             The game lasted 00:07:47 (7025 turns).

jasper the Grappler (White Draconian Fighter)       Turns: 7025, Time: 00:07:47

HP:   -3/73 (81)    AC:  9    Str: 22    XL:     9   Next: 60%
MP:   9/9           EV: 13    Int: 10    God:    Wu Jian [*.....]
Gold: 175           SH:  4    Dex: 10    Spells: 8/8 levels left

rFire   . .          .
                       - Unarmed
rCold   + + .        a - +0 buckler
rNeg    . . .        (body armour unavailable)
rPois   .            (helmet restricted)
rElec   .            h - +0 cloak
rCorr   .            f - +0 pair of gloves
SInv    +            (no boots)
Will    .....        j - amulet of the acrobat
Stlth   +            u - ring "Buwaff" {rC+ SInv}
HPRegen 0.32/turn    (no ring)
MPRegen 0.11/turn

%: acrobat
@: drained
A: glacial breath, AC +7, unfitting armour, cold resistance 1, cold-blooded
a: Glacial Breath, Renounce Religion


You were on level 7 of the Dungeon.
You worshipped Wu Jian.
Wu Jian was aware of your devotion.
You visited 2 branches of the dungeon, and saw 8 of its levels.

You collected 257 gold pieces.
You spent 82 gold pieces at shops.

Inventory:

Missiles
 g - 71 stones (quivered)
 x - a throwing net
Armour
 a - a +0 buckler (worn)
 f - a +0 pair of gloves (worn)
 h - a +0 cloak (worn)
Jewellery
 j - an amulet of the acrobat (around neck)
 u - the ring "Buwaff" (left hand) {rC+ SInv}
   (You found it on level 6 of the Dungeon)

   [ring of see invisible]

   rC+:       It protects you from cold.
   SInv:      It lets you see invisible.
Talismans
 e - a beast talisman
Wands
 n - a wand of paralysis (8)
 q - a wand of polymorph (3)
Scrolls
 i - a scroll of fog
 l - 4 scrolls of enchant weapon
 m - a scroll of teleportation
 p - a scroll of amnesia
 s - a scroll of blinking
 v - a scroll of vulnerability {unknown}
 y - 3 scrolls of identify
Potions
 b - a potion of mutation
 c - a potion of berserk rage
 d - 2 potions of heal wounds
 k - a potion of invisibility
 o - 2 potions of enlightenment {unknown}
 r - 3 potions of curing {unknown}
 t - a potion of cancellation {unknown}
 w - 2 potions of resistance {unknown}
Miscellaneous
 z - a box of beasts


   Skills:
 + Level 8.1 Fighting
 + Level 6.7 Dodging
 - Level 3.0 Shields
 * Level 9.8 Unarmed Combat


You had 8 spell levels left.
You didn't know any spells.
Your spell library contained the following spells:

 Spells                   Type           Power      Damage    Failure   Level
 Stone Arrow              Conj/Erth      0%         3d7       80%         3
 Lehudib's Crystal Spear  Conj/Erth      0%         10d2      100%        8
 Animate Armour           Summ/Erth      Unusable   N/A       N/A         4

Dungeon Overview and Level Annotations

Branches:
Dungeon (7/15)             Temple (1/1) D:6

Altars:
Ashenzari
Cheibriados
Dithmenos
Elyvilon
Fedhas
Hepliaklqana
Kikubaaqudgha
Makhleb
Nemelex Xobeh
Okawaru
Qazlal
Ru
Sif Muna
Trog
Uskayaw
Vehumet
Wu Jian
Xom
Yredelemnul
Zin
The Shining One

Shops:
D:1 [   D:3 ?

Annotations:
D:7 4 runed translucent doors


Innate Abilities, Weirdness & Mutations

You can breathe waves of cold which freeze foes solid.
Your icy white scales are hard. (AC +7)
You cannot fit into any form of body armour.
Your flesh is cold resistant. (rC+)
You are cold-blooded and may be slowed by cold attacks.


Message History

You feel drained.
You take 5 damage, and have 76/79 hp.
You hit the wight.
The wight is heavily damaged.
The wight closely misses you.
You punch the wight!
You destroy the wight!
The Council accepts your kill.
Your life force feels restored.
Items here: )) [[. 3 wights come into view.
A wight is wielding a +1 falchion of freezing.
Health restored: 81
There are monsters nearby!
There are monsters nearby!
Items here: )) [[.
You lunge at the wight.
You punch the wight!
The wight is heavily damaged.
The wight hits you with a +4 great sword!
You feel drained.
You take 22 damage, and have 59/79 hp.
MASSIVE DAMAGE!!
You closely miss the wight. You tail-slap the wight.
The wight is severely damaged.
You hit the wight but do no damage.
You tail-slap the wight, but do no damage.
The wight is severely damaged.
The wight hits you with a +4 great sword!
You feel drained.
You take 25 damage, and have 34/76 hp.
MASSIVE DAMAGE!!
You barely miss the wight.
The wight is severely damaged.
The wight hits you with a +4 great sword!!
* * * LOW HITPOINT WARNING * * *
You feel drained.
* * * LOW HITPOINT WARNING * * *
You take 27 damage, and have 7/73 hp.
MASSIVE DAMAGE!!
You hit the wight but do no damage.
The wight is severely damaged.
The wight hits you with a +4 great sword!
You die...

. #. .. .. ###### .##
... #....# ..## #...
#....####### ..# ....
#.....@zzz.# #.## .....
#....#####.###..##.....
###.## #..z...z......
#.# #...z.z....... #†#
###.....###..... #.#
............ ....
#.##.########### ?..
###....# ..
#....######## .


You could see 3 wights.

Vanquished Creatures
  Pikel (D:6)
  A hornet (D:7)
  A wyvern (D:7)
  Eustachio (D:5)
  The ghost of Darkkill the Shooter, an amateur MiHu (D:4)
  A vampire mosquito (D:7)
  Menkaure (D:5)
  Edmund (D:5)
  6 ice beasts
  A lemure (D:6)
  A centaur (D:7)
  A phantom (D:6)
  Blork the orc (D:6)
  2 wights (D:7)
  5 killer bees (D:7)
  2 jellies (D:6)
  Crazy Yiuf (D:6)
  A gnoll bouda (D:5)
  2 orc priests
  A sleepcap (D:6)
  2 iguanas (D:6)
  3 orc wizards
  11 adders
  8 gnolls
  A white imp (D:6)
  5 dart slugs
  2 ribbon worms (D:3)
  18 orcs
  4 ball pythons
  2 bats
  8 endoplasms
  5 giant cockroaches
  5 goblins
  6 hobgoblins
  3 jackals (D:1)
  4 quokkas
  3 frilled lizards
  7 kobolds
  3 rats
132 creatures vanquished.

Vanquished Creatures (others)
  An orc wizard (D:4)
1 creature vanquished.

Grand Total: 133 creatures vanquished

Notes
Turn   | Place    | Note
-------+----------+-------------------------------------------
     0 | D:1      | jasper the Draconian Fighter began the quest for the Orb.
     0 | D:1      | Reached XP level 1. HP: 19/19 MP: 1/1
   159 | D:1      | Reached XP level 2. HP: 17/26 MP: 2/2
   294 | D:1      | Found Biadalui's Armour Boutique.
   779 | D:2      | Reached XP level 3. HP: 33/33 MP: 3/3
  1131 | D:1      | Bought a +0 cloak for 58 gold pieces
  1281 | D:2      | Reached skill level 3 in Unarmed Combat
  1980 | D:3      | Reached XP level 4. HP: 39/40 MP: 4/4
  2102 | D:3      | Found Pafykhlav's Magic Scroll Shoppe.
  2110 | D:3      | Bought a scroll of identify for 24 gold pieces
  3124 | D:4      | Reached skill level 4 in Unarmed Combat
  3124 | D:4      | Reached XP level 5. HP: 33/46 MP: 5/5
  3337 | D:4      | Found a runed translucent gate.
  3337 | D:4      | Found a runed translucent gate.
  3337 | D:4      | Found a runed translucent gate.
  3338 | D:4      | Noticed Darkkill's ghost (amateur MiHu)
  3358 | D:4      | Killed Darkkill's ghost
  3359 | D:4      | Reached XP level 6. HP: 55/55 MP: 6/6
  3443 | D:4      | Reached skill level 5 in Unarmed Combat
  3773 | D:4      | Reached skill level 5 in Fighting
  4167 | D:5      | Entered Level 5 of the Dungeon
  4211 | D:5      | Noticed Eustachio
  4445 | D:5      | Killed Eustachio
  4446 | D:5      | Your scales start taking on an icy white colour.
  4446 | D:5      | Reached XP level 7. HP: 51/61 MP: 7/7
  4446 | D:5      | Gained mutation: Your flesh is cold resistant. (rC+) [White
                  | Draconian growth]
  4491 | D:5      | Identified the +4 falchion "Goluosk" {flame, rCorr Int+2}
  4494 | D:5      | Noticed Menkaure
  4505 | D:5      | Killed Menkaure
  4506 | D:5      | Reached skill level 6 in Unarmed Combat
  4644 | D:5      | Noticed Edmund
  4663 | D:5      | Killed Edmund
  4731 | D:5      | Found a broken altar of Ashenzari.
  4879 | D:5      | Found a glowing silver altar of Zin.
  5259 | D:6      | Reached XP level 8. HP: 62/70 MP: 8/8
  5299 | D:6      | Reached skill level 5 in Dodging
  5299 | D:6      | Reached skill level 7 in Unarmed Combat
  5405 | D:6      | Found a staircase to the Ecumenical Temple.
  5415 | Temple   | Entered the Ecumenical Temple
  5418 | Temple   | Became a worshipper of the Wu Jian Council
  5518 | D:6      | Identified the ring "Buwaff" {rC+ SInv}
  5678 | D:6      | Noticed Pikel
  5691 | D:6      | Killed Pikel
  5692 | D:6      | Reached skill level 8 in Unarmed Combat
  5831 | D:6      | Noticed Blork the orc
  5846 | D:6      | Killed Blork the orc
  5851 | D:6      | Found a blossoming altar of Fedhas.
  5931 | D:6      | Found a runed translucent door.
  5932 | D:6      | Noticed Crazy Yiuf
  6011 | D:6      | Reached XP level 9. HP: 73/79 MP: 9/9
  6316 | D:6      | Killed Crazy Yiuf
  6363 | D:7      | Found a large runed translucent door.
  6365 | D:7      | Found a large runed translucent door.
  6369 | D:7      | Noticed a two-headed ogre
  6371 | D:7      | Noticed a cyclops
  6387 | D:7      | Found a large runed translucent door.
  6387 | D:7      | Found a large runed translucent door.
  6468 | D:7      | Reached skill level 9 in Unarmed Combat
  6614 | D:7      | Paralysed by a hornet for 3 turns
  6619 | D:7      | Paralysed by a hornet for 3 turns
  6818 | D:7      | Reached * piety under Wu Jian
  7025 | D:7      | Slain by a wight

Illustrated notes

Levels and vault maps discovered:
D:1:      wander_arrival_chamber, layout_loops_ring, serial_shops, shop
D:2:      layout_basic
D:3:      layout_basic, serial_shops, shop, minivault_5, st_stairs_14,
          chequers_serial_rivers_micro_e, hangedman_feature_mirror,
          chequers_serial_rivers_large_b
D:4:      layout_basic, ebering_ghost_rock_garden, kennysheep_generic_room_6
D:5:      layout_cave_pools, nicolae_ashenzari_skybound, zin_treasury,
          minmay_misc_feat_square, uniq_menkaure, uniq_edmund, uniq_eustachio
D:6:      layout_loops_cross, mainiacjoe_overflow_small_starburst,
          minmay_temple_entry_stoned_glass, chequers_serial_rivers_room_a,
          uniq_crazy_yiuf_cottage, uniq_pikel, uniq_blork_the_orc
D:7:      layout_basic, hangedman_decor_peaks_small,
          minmay_hollow_rounded_squares, uniq_duvessa, uniq_joseph
Temple:   dpeg_three_leaves_temple

Skill      XL: |  1  2  3  4  5  6  7  8  9 |
---------------+----------------------------+-----
Dodging        | 3 4 5 6 |  6.7
Unarmed Combat | 3 4 5 6 8 9 |  9.8
Fighting       | 4 5 6 7 8 |  8.1
Shields        | |  3.0

Action                     |  1- 3 |  4- 6 |  7- 9 || total
---------------------------+-------+-------+-------++-------
  Melee: Unarmed           |   123 |   192 |   230 ||   545
         Tailslap          |    11 |    17 |    33 ||    61
Ability: Glacial Breath    |       |       |     7 ||     7
         Lunge             |       |       |    13 ||    13
    Use: Scroll            |     5 |     7 |     2 ||    14
         Potion            |       |     2 |     1 ||     3
   Stab: Sleeping          |     1 |     1 |       ||     2
 Armour: Skin              |    56 |   119 |   115 ||   290
  Dodge: Dodged            |    72 |   124 |   103 ||   299
  Block: Buckler           |    29 |    36 |    42 ||   107

Table legend: (Time is in decaauts)
 A = Elapsed time spent in this place.
 B = Non-inter-level travel time spent in this place.
 C = Inter-level travel time spent in this place.
 D = Time resting spent in this place.
 E = Time spent auto-exploring this place.
 F = Levels seen in this place.
 G = Mean time per level.
                   A        B        C        D        E       F      G
               +--------+--------+--------+--------+--------+-----+--------+
         Total |   6999 |   6747 |    252 |    547 |   4938 |   8 |  874.9 |
       Dungeon |   6992 |   6742 |    250 |    547 |   4938 |   7 |  998.9 |
        Temple |      6 |      4 |      2 |      0 |      0 |   1 |    6.0 |
               +--------+--------+--------+--------+--------+-----+--------+

Top non-repeatable levels by time:
     D:2: 1175 daAuts
     D:3: 1102 daAuts
     D:4: 1097 daAuts
     D:6: 1093 daAuts
     D:5: 1050 daAuts
     D:1: 790 daAuts
     D:7: 682 daAuts
  Temple: 6 daAuts
